 Dungeon Crawl Stone Soup version 0.17.2 (webtiles) character file.

37625 Goblin1989 the Grappler (level 13, -2/109 HPs)
             Began as a Demonspawn Gladiator on July 10, 2016.
             Was an Initiate of Gozag.
             Shot with a poisoned arrow by Nessos (11 damage)
             ... on level 5 of the Lair of Beasts.
             The game lasted 01:02:19 (16333 turns).

Goblin1989 the Grappler (Demonspawn Gladiator)     Turns: 16333, Time: 01:02:19

Health: -2/109     AC: 23    Str: 26    XL:     13   Next: 59%
Magic:  0/13       EV: 19    Int: 16    God:    Gozag
Gold:   3792       SH:  0    Dex: 19    Spells: 1 memorised, 6 levels left

rFire  + . .     SeeInvis .       - Unarmed
rCold  + . .     Clarity  .     M - +5 ring mail of the Vaults {Int+2}
rNeg   . . .     SustAt   .     (no shield)
rPois  +         Gourm    .     c - +1 helmet
rElec  +         Spirit   +     E - +0 cloak
rCorr  +         Warding  .     (no gloves)
rMut   .         Stasis   .     (no boots)
MR     .....                    (no amulet)
Stlth  ++........               v - ring of poison resistance
                                J - +4 ring of protection

@: mighty, brilliant, agile, lethally poisoned (-2 -> -7), resistant, flying,
not resistant to hostile enchantments, unstealthy
A: claws 2, icy blue scales 2, spiny 2, magic shield
a: Potion Petition, Call Merchant, Bribe Branch, Renounce Religion


You were on level 5 of the Lair of Beasts.
You worshipped Gozag.
Gozag was noncommittal.
You were not hungry.

You visited 3 branches of the dungeon, and saw 17 of its levels.
You also visited: Sewer, Bailey and Ice Cave.

You collected 4596 gold pieces.
You paid 804 gold pieces to Gozag.

Inventory:

Hand Weapons
 b - a +0 blowgun
 Q - the +4 spear of a treasure trove {freeze, MR+}
   (You found it in an ice cave)

   It has been specially enchanted to freeze those struck by it, causing extra
   injury to most foes and up to half again as much damage against particularly
   susceptible opponents.
   It can also slow down cold-blooded creatures.
   It affects your resistance to hostile enchantments.
Missiles
 d - 4 throwing nets (quivered)
 m - 45 tomahawks of returning
 B - 9 curare-tipped needles
 N - 6 needles of slowing
Armour
 c - a +1 helmet (worn)
 z - a +2 plate armour of magic resistance
 E - a +0 cloak (worn)
 M - the +5 ring mail of the Vaults (worn) {Int+2}
   (You found it on level 4 of the Lair of Beasts)

   It affects your intelligence (+2).
Jewellery
 v - a ring of poison resistance (right claw)
 w - an uncursed amulet of stasis
 J - a +4 ring of protection (left claw)
Wands
 a - a wand of magic darts (24)
 u - a wand of slowing (26)
 x - a wand of invisibility (0)
 D - a wand of enslavement (14)
 O - a wand of slowing (32)
 P - a wand of confusion (26)
Scrolls
 g - 4 scrolls of amnesia
 n - 11 scrolls of remove curse
 o - 8 scrolls of teleportation
 p - 2 scrolls of blinking
 t - 2 scrolls of enchant armour
 y - 2 scrolls of holy word
 G - 2 scrolls of fear
 K - 2 scrolls of identify
Potions
 f - 3 potions of lignification
 h - 2 potions of heal wounds
 i - 3 potions of brilliance
 j - 3 potions of curing
 q - 2 potions of berserk rage
 r - 2 potions of magic
 s - a potion of agility
 A - a potion of haste
 F - 3 potions of ambrosia
Miscellaneous
 I - a stone of tremors
Comestibles
 e - 8 bread rations
 k - 8 royal jellies
 l - 3 meat rations
 C - 5 beef jerkies


   Skills:
 * Level 12.7 Fighting
   Level 4.8 Maces & Flails
 - Level 1.7 Throwing
 - Level 11.1 Armour
 * Level 4.8 Dodging
 + Level 13.1 Unarmed Combat


You had 6 spell levels left.
You knew the following spells:

 Your Spells              Type           Power        Failure   Level  Hunger
a - Haste                 Chrm           #.......     99%         6    #######


Dungeon Overview and Level Annotations

Branches:
Dungeon (11/15)            Temple (1/1) D:4            Lair (5/8) D:8
  Snake (0/4) Lair:3          Orc (0/4) D:11
  Swamp: Lair:3-6    Shoals: Lair:3-6

Altars:
Ashenzari
Cheibriados
Dithmenos
Elyvilon
Fedhas
Gozag
Kikubaaqudgha
Makhleb
Nemelex Xobeh
Okawaru
Qazlal
Ru
Sif Muna
Trog
Vehumet
Xom
Yredelemnul
Zin
The Shining One

Shops:
D:5 =   D:8 :

Annotations:
Lair:5 Nessos


Innate Abilities, Weirdness & Mutations

You have very sharp fingernails.
You are mostly covered in icy blue scales (AC +3, EV -1).
You are mostly covered in sharp spines.
When hurt, damage is shared between your health and your magic reserves.


Message History

You feel sick.
The death yak is distracted by the nearby gold.
The yak is distracted by the nearby gold.
You take 1 damage, and have 20/109 hp.
The elephant is no longer distracted by gold.
You feel sick.
Nessos is no longer distracted by gold.
Nessos blinks!
Nessos shoots a poisoned arrow.
The poisoned arrow hits you!
* * * LOW HITPOINT WARNING * * *
The poisoned arrow burns you.
* * * LOW HITPOINT WARNING * * *
You are more poisoned.
You see here a poisoned arrow.
You take 11 damage, and have 10/109 hp.
You now have 3/13 mp.
You feel sick.
The yak is no longer distracted by gold.
The death yak is no longer distracted by gold.
Nessos intently looks at you, slowly moving his tail.
Nessos shoots a poisoned arrow.
The poisoned arrow hits you!
You die...
Your body crumbles into a pile of gold.

.....####.####............P....##
.....# ### ##............#.....
.....# #..................#
#...................
##...........#....#.
##...##....####..#.#
####.#........#........
#........<....#........
###...(@.............#.#
#P....Y..............P.. # ##
####...................P..
##.#.###P#..(..........#..#..PPP.
#........Y.Y.....##.....####P.#P.
.......(($Y....(.#.....## ###..
.......$Y$...(..c.#...#.# #..
.#......Y........ยง.....#### #P.
#.#..............#....###.#####..


You could see 2 death yaks, Nessos, an elephant and a yak (unaware).

Vanquished Creatures
  Maud (D:10)
  A hydra (Lair:3)
  Sonja (D:10)
  5 hill giants
  3 ugly things
  An oklob plant (Lair:3)
  A griffon (Lair:4)
  An orc knight (Bailey)
  The ghost of Goblin1989 the Spear-Bearer, a novice DsSk of Okawaru (D:7)
  2 cyclopes
  A centaur zombie (D:11)
  6 elephants
  An ice statue (IceCv)
  2 black mambas
  5 spiny frogs
  2 komodo dragons (Lair:3)
  12 polar bears
  Grinder (D:4)
  A queen bee (Lair:1)
  3 trolls
  A trapdoor spider zombie (D:11)
  2 two-headed ogres
  14 blink frogs
  41 yaks
  3 wyverns
  A steam dragon (D:10)
  A shadow (D:11)
  A hungry ghost (D:9)
  4 hippogriffs
  A mottled dragon (D:11)
  A sky beast (D:10)
  10 wolves
  6 porcupines
  8 water moccasins
  4 ice beasts
  9 orc warriors
  A black bear (Lair:4)
  3 phantoms
  5 ogres
  3 centaurs
  13 giant frogs
  A big kobold (D:11)
  6 crocodiles
  22 killer bees
  2 scorpions
  7 wights
  A quasit (D:11)
  A giant frog zombie (D:11)
  5 crimson imps
  8 jellies
  2 orc priests
  9 worker ants
  2 giant frog skeletons
  7 hounds
  7 orc wizards
  5 iguanas
  12 sheep
  A hound zombie (D:11)
  A hound skeleton (D:8)
  A worker ant zombie (D:9)
  19 adders
  2 gnolls (Bailey)
  22 river rats
  2 shadow imps
  12 white imps (Lair:4)
  An adder zombie (D:8)
  6 oozes
  An adder skeleton (D:5)
  5 worms
  7 giant geckos
  35 orcs
  2 ball pythons
  14 bats
  6 giant cockroaches
  17 goblins
  16 hobgoblins
  13 jackals
  6 giant newts
  17 kobolds
  4 quokkas
  A quokka skeleton (D:5)
  7 rats
  3 fungi
501 creatures vanquished.

Vanquished Creatures (others)
  The ghost of Goblin1989 the Thaumaturge, a journeyman DsWn of Vehumet (D:11)
  2 wolves (IceCv)
  4 kobolds (Bailey)
  2 goblins (Bailey)
9 creatures vanquished.

Grand Total: 510 creatures vanquished

Notes
Turn   | Place    | Note
--------------------------------------------------------------
     0 | D:1      | Goblin1989 the Demonspawn Gladiator began the quest for the Orb.
     0 | D:1      | Reached XP level 1. HP: 16/16 MP: 1/1
    92 | D:1      | Reached skill level 3 in Maces & Flails
   467 | D:1      | Gained mutation: You are partially covered in sharp spines. [demonic ancestry]
   467 | D:1      | Reached XP level 2. HP: 22/22 MP: 2/2
  1102 | D:2      | Gained mutation: You are partially covered in icy blue scales (AC +1). [demonic ancestry]
  1102 | D:2      | Reached XP level 3. HP: 22/27 MP: 3/3
  1175 | D:2      | Reached skill level 4 in Maces & Flails
  1531 | D:2      | Gained mutation: You are mostly covered in icy blue scales (AC +3, EV -1). [demonic ancestry]
  1531 | D:2      | Reached XP level 4. HP: 33/33 MP: 4/4
  2654 | D:3      | Found a faded altar to an unknown god.
  2794 | D:3      | Reached skill level 1 in Armour
  2836 | D:4      | Found a staircase to the Ecumenical Temple.
  2847 | Temple   | Entered the Ecumenical Temple
  2956 | Temple   | Became a worshipper of Gozag Ym Sagoz the Greedy
  3072 | D:4      | Gained mutation: You have sharp fingernails. [demonic ancestry]
  3072 | D:4      | Reached XP level 5. HP: 34/38 MP: 5/5
  3271 | D:4      | Reached skill level 1 in Unarmed Combat
  3392 | D:4      | Noticed Grinder
  3407 | D:4      | Killed Grinder
  3407 | D:4      | Reached XP level 6. HP: 19/47 MP: 6/6
  3863 | D:5      | Entered Level 5 of the Dungeon
  3863 | D:5      | Found a glowing drain.
  3885 | Sewer    | Entered a sewer
  4019 | D:5      | Reached XP level 7. HP: 49/54 MP: 7/7
  4205 | D:5      | Reached skill level 5 in Fighting
  4337 | D:5      | Found Asotyso's Jewellery Shoppe.
  4349 | D:5      | Found a shattered altar of Ashenzari.
  4576 | D:6      | Reached XP level 8. HP: 26/62 MP: 8/8
  4870 | D:7      | Noticed Goblin1989's ghost (novice DsSk)
  4884 | D:7      | Killed Goblin1989's ghost
  4884 | D:7      | Reached skill level 6 in Fighting
  4884 | D:7      | Reached skill level 5 in Armour
  5226 | D:7      | Gained mutation: You are mostly covered in sharp spines. [demonic ancestry]
  5226 | D:7      | Reached XP level 9. HP: 14/71 MP: 9/9
  5367 | D:7      | Reached skill level 5 in Unarmed Combat
  5935 | D:8      | Found Dokk's Book Boutique.
  5978 | D:8      | Noticed a cyclops
  6002 | D:8      | Killed a cyclops
  6002 | D:8      | Reached skill level 7 in Unarmed Combat
  6032 | D:8      | Reached skill level 8 in Unarmed Combat
  6078 | D:8      | Found a staircase to the Lair.
  6101 | D:8      | Found a flagged portal.
  6136 | Bailey   | Entered a bailey
  6237 | Bailey   | Noticed an orc knight
  6274 | Bailey   | Killed an orc knight
  6274 | Bailey   | Reached skill level 9 in Unarmed Combat
  6274 | Bailey   | Gained mutation: You have very sharp fingernails. [demonic ancestry]
  6274 | Bailey   | Reached XP level 10. HP: 75/77 MP: 10/10
  7107 | D:9      | Reached skill level 10 in Unarmed Combat
  7209 | D:9      | Noticed a cyclops
  7223 | D:9      | Killed a cyclops
  7230 | D:9      | Reached skill level 11 in Unarmed Combat
  7874 | D:10     | Entered Level 10 of the Dungeon
  8272 | D:10     | Noticed a hill giant
  8289 | D:10     | Noticed Maud
  8313 | D:10     | Killed a hill giant
  8313 | D:10     | Gained mutation: When hurt, damage is shared between your health and your magic reserves. [demonic ancestry]
  8313 | D:10     | Reached XP level 11. HP: 84/84 MP: 11/11
  8328 | D:10     | Killed Maud
  8826 | D:10     | Noticed Sonja
  8881 | D:10     | Killed Sonja
  9074 | D:11     | Reached skill level 12 in Unarmed Combat
  9075 | D:11     | Found a staircase to the Orcish Mines.
  9361 | D:11     | Noticed Goblin1989's ghost (journeyman DsWn)
  9496 | D:11     | Killed Goblin1989's ghost
  9559 | D:11     | Noticed a hill giant
  9661 | D:11     | Killed a hill giant
 10047 | D:11     | Noticed a hill giant
 10055 | D:11     | Killed a hill giant
 10255 | D:11     | Noticed a hill giant
 10262 | D:11     | Killed a hill giant
 10262 | D:11     | Reached XP level 12. HP: 45/97 MP: 5/12
 10461 | D:11     | Noticed a hill giant
 10479 | D:11     | Killed a hill giant
 10479 | D:11     | Reached skill level 10 in Fighting
 10705 | Lair:1   | Entered Level 1 of the Lair of Beasts
 11639 | Lair:1   | Reached skill level 10 in Armour
 12915 | Lair:3   | Found a staircase to the Snake Pit.
 13035 | Lair:3   | Noticed a seven-headed hydra
 13047 | Lair:3   | Killed a seven-headed hydra
 13047 | Lair:3   | Reached XP level 13. HP: 47/107 MP: 6/13
 14147 | Lair:4   | Got a distressingly furry ring mail
 14283 | Lair:4   | Found a frozen archway.
 14297 | IceCv    | Entered an ice cave
 14713 | IceCv    | Identified the Catalogue of Augmentations
 14721 | IceCv    | Learned a level 6 spell: Haste
 14768 | IceCv    | Reached skill level 13 in Unarmed Combat
 14812 | IceCv    | Got a dazzling spear
 14813 | IceCv    | Identified the +4 spear of a treasure trove {freeze, MR+} (You found it in an ice cave)
 14951 | IceCv    | Identified the +5 ring mail of the Vaults {Int+2} (You found it on level 4 of the Lair of Beasts)
 16306 | Lair:5   | Noticed Nessos
 16333 | Lair:5   | Shot with a poisoned arrow by Nessos

Action                   |  1- 3 |  4- 6 |  7- 9 | 10-12 | 13-15 || total
-------------------------+-------+-------+-------+-------+-------++-------
Melee: Flail             |    84 |   122 |   122 |       |       ||   328
       Unarmed           |       |       |   130 |   617 |   269 ||  1016
Invok: Potion Petition   |       |       |     1 |       |     1 ||     2
Evoke: Wand              |       |       |       |     1 |       ||     1
  Use: Scroll            |       |       |    14 |     5 |     3 ||    22
       Potion            |       |       |     6 |     3 |     2 ||    11
 Stab: Invisible         |       |       |     9 |     3 |       ||    12
       Distracted        |       |       |       |     8 |     3 ||    11
  Eat: Chunk             |     1 |     5 |       |       |       ||     6
       Bread ration      |       |     2 |       |     1 |       ||     3
       Fruit             |       |       |     3 |     4 |       ||     7
       Royal jelly       |       |       |       |     8 |     5 ||    13
       Pizza             |       |       |       |     1 |       ||     1
